 Dungeon Crawl Stone Soup version 0.31-a0-845-g9abc20d24f (webtiles) character file.

Game seed: 14788745885873523529

91 Nattfarinn the Changeling (level 4, 0/32 HPs)
             Began as a Formicid Shapeshifter on Oct 2, 2023.
             Slain by a gnoll
             ... wielding a +0 spear
              (2 damage)
             ... on level 2 of the Dungeon.
             The game lasted 00:01:48 (1173 turns).

Nattfarinn the Changeling (Formicid Shapeshifter)   Turns: 1173, Time: 00:01:49

Health: 0/32       AC:  2    Str: 26    XL:     4   Next: 87%
Magic:  4/4        EV: 12    Int:  9    God:
Gold:   42         SH:  0    Dex: 13    Spells: 3/3 levels left

rFire   + . .        l - +2 whip of Opserchaz {vamp, rF+ Str+5}
rCold   . . .        (no shield)
rNeg    . . .        a - +0 animal skin
rPois   .            (helmet unavailable)
rElec   .            (cloak currently unavailable)
rCorr   .            (gloves currently unavailable)
SInv    +            (boots currently unavailable)
Will    .....        (no amulet)
Stlth   +            (no ring)
HPRegen 0.25/turn    (no ring)
MPRegen 0.09/turn

%: no passive effects
@: beast-form
A: beast (slay +2), permanent stasis, dig shafts and tunnels, antennae 3, four
strong arms
a: Dig, Shaft Self, Begin Untransformation


You were on level 2 of the Dungeon.
You were a hulking beast.
You visited 1 branch of the dungeon, and saw 2 of its levels.

You collected 119 gold pieces.
You spent 77 gold pieces at shops.

Inventory:

Hand Weapons
 l - the +2 whip of Opserchaz (weapon) {vamp, rF+ Str+5}
   (You found it on level 2 of the Dungeon)

   Str+5:     It affects your strength (+5).
   rF+:       It protects you from fire.
Armour
 a - a +0 animal skin (worn)
 e - a +0 cloak
Jewellery
 i - an amulet of faith
Talismans
 c - a beast talisman (active)
 d - a flux talisman
Wands
 m - a wand of flame (5)
Scrolls
 f - a scroll of enchant armour {unknown}
 g - a scroll of fear {unknown}
 h - 5 scrolls of identify {unknown}
 n - a scroll of brand weapon {unknown}
Potions
 b - a potion of lignification
 j - 2 potions of degeneration
 k - a potion of mutation {unknown}
 o - 2 potions of curing


   Skills:
 - Level 1.2 Fighting
 + Level 1.4 Maces & Flails
 - Level 1.8 Dodging
 - Level 3.3 Unarmed Combat
 * Level 4.7 Shapeshifting


You had 3 spell levels left.
You didn't know any spells.
Your spell library was empty.

Dungeon Overview and Level Annotations

Branches:
Dungeon (2/15)

Altars:

Shops:
D:2 !


Innate Abilities, Weirdness & Mutations

You are a hulking beast.
Your limbs bulge with bestial killing power. (Slay +2)
You cannot be hasted, slowed, berserked, paralysed or teleported.
You can dig through walls and to a lower floor.
You have a pair of large antennae on your head. (SInv)
Your four strong arms can wield two-handed weapons with a shield.


Message History

The gnoll hits you from afar with a +0 spear!
The gnoll barely misses you. The frilled lizard closely misses you.
The gnoll completely misses you.
You whack the gnoll!
You feel better.
You kill the gnoll!
The gnoll hits you from afar with a +0 spear.
The gnoll closely misses you. The frilled lizard bites you.
You whack the frilled lizard!
You kill the frilled lizard!
The gnoll hits you from afar with a +0 spear.
The gnoll barely misses you. The gnoll hits you with a +0 spear.
The gnoll hits you with a +0 spear!
* * * LOW HITPOINT WARNING * * *
You are too injured to fight recklessly!
You are too injured to fight recklessly!
You are too injured to fight recklessly!
You are too injured to fight recklessly!
You are too injured to fight recklessly!
You are too injured to fight recklessly!
You are too injured to fight recklessly!
You are too injured to fight recklessly!
You are too injured to fight recklessly!
You are too injured to fight recklessly!
You are too injured to fight recklessly!
You are too injured to fight recklessly!
You are too injured to fight recklessly!
You are too injured to fight recklessly!
You are too injured to fight recklessly!
You are too injured to fight recklessly!
You are too injured to fight recklessly!
You are too injured to fight recklessly!
You are too injured to fight recklessly!
You hit the gnoll.
The gnoll is lightly wounded.
The gnoll hits you with a +0 spear.
* * * LOW HITPOINT WARNING * * *
The gnoll hits you with a +0 spear.
* * * LOW HITPOINT WARNING * * *
The gnoll hits you with a +0 spear.
You die...

.........#.........# ##.####...#
.........#.........####.# #.#.#
.........#.........#....####.#.##
..........)........#.......#.#...
#######....#####...'.......#.#...
#...[......# #.###.......#.##.#
#..........#####'###########.....
#......####.......†....# ####..
#......# #.....h)..?..# #..
#......####....gg......# { #..
#.........#............# #..
#####'###<#............# #..
#.#.# #............# #.. ###.#.#
#............# ### ....#.#
+...########## .##.#.# #########
....#.# #.......#


You could see 2 gnolls.

Vanquished Creatures
  Jessica (D:2)
  2 adders (D:2)
  A gnoll (D:2)
  2 worms (D:2)
  A dart slug (D:2)
  4 ball pythons
  2 endoplasms (D:1)
  A giant cockroach (D:2)
  2 hobgoblins (D:2)
  4 kobolds
  2 quokkas
  2 bats
  A frilled lizard (D:2)
  4 goblins
  A rat (D:1)
30 creatures vanquished.

Notes
Turn   | Place    | Note
-------+----------+-------------------------------------------
     0 | D:1      | Nattfarinn the Formicid Shapeshifter began the quest for
                  | the Orb.
     0 | D:1      | Reached XP level 1. HP: 15/15 MP: 1/1
   183 | D:1      | Reached XP level 2. HP: 21/21 MP: 2/2
   623 | D:2      | Identified the +2 whip of Opserchaz {vamp, rF+ Str+5}
   636 | D:2      | Reached XP level 3. HP: 6/26 MP: 3/3
   788 | D:2      | Noticed Jessica
   795 | D:2      | Killed Jessica
   796 | D:2      | Reached skill level 4 in Shapeshifting
   796 | D:2      | Reached XP level 4. HP: 25/32 MP: 4/4
   803 | D:2      | Reached skill level 1 in Maces & Flails
   867 | D:2      | Found Pirhil's Distillery.
   964 | D:2      | Bought a potion of curing for 33 gold pieces
   964 | D:2      | Bought a potion of curing for 33 gold pieces
   964 | D:2      | Bought a potion of degeneration for 11 gold pieces
  1173 | D:2      | Slain by a gnoll

Illustrated notes

Levels and vault maps discovered:
D:1:      co_arrival_square_in_a_square_in_a_square, layout_basic
D:2:      layout_basic, serial_shops, nicolae_shop_industrial_runoff,
          nicolae_shop_pleasant_corner_grove, minivault_24,
          chequers_serial_rivers_small_a, uniq_jessica

Skill      XL: |  1  2  3  4 |
---------------+-------------+-----
Shapeshifting  | 4 |  4.7
Maces & Flails | 1 |  1.4
Fighting       | |  1.2
Dodging        | |  1.8
Unarmed Combat | |  3.3

Action                     |  1- 3 |  4- 6 || total
---------------------------+-------+-------++-------
  Melee: Unarmed           |    29 |       ||    29
         Punch             |     1 |     1 ||     2
         Whip              |    12 |    44 ||    56
   Stab: Sleeping          |     2 |       ||     2
 Armour: Animal skin       |    19 |    29 ||    48
  Dodge: Dodged            |    19 |    26 ||    45

Table legend: (Time is in decaauts)
 A = Elapsed time spent in this place.
 B = Non-inter-level travel time spent in this place.
 C = Inter-level travel time spent in this place.
 D = Time resting spent in this place.
 E = Time spent auto-exploring this place.
 F = Levels seen in this place.
 G = Mean time per level.
                   A        B        C        D        E       F      G
               +--------+--------+--------+--------+--------+-----+--------+
         Total |   1175 |   1157 |     18 |      0 |    929 |   2 |  587.5 |
       Dungeon |   1175 |   1157 |     18 |      0 |    929 |   2 |  587.5 |
               +--------+--------+--------+--------+--------+-----+--------+

Top non-repeatable levels by time:
     D:1: 619 daAuts
     D:2: 556 daAuts
